 Dungeon Crawl Stone Soup version 0.20-a0-1050-g57248f3 (webtiles) character file.

59 Goblin1989 the Firebug (level 3, -10/19 HPs)
             Began as a Deep Elf Fire Elementalist on Apr 25, 2017.
             Mangled by a gnoll
             ... wielding a +0 flail
              (11 damage)
             ... on level 2 of the Dungeon.
             The game lasted 00:04:23 (1482 turns).

Goblin1989 the Firebug (Deep Elf Fire Elementalist) Turns: 1482, Time: 00:04:24

Health: -10/19     AC:  2    Str:  5    XL:     3   Next: 78%
Magic:  3/10       EV:  7    Int: 20    God:
Gold:   91         SH:  0    Dex: 15    Spells: 8/9 levels left

rFire    . . .     SeeInvis .   (no weapon)
rCold    . . .     Gourm    .   (no shield)
rNeg     . . .     Faith    .   a - +0 robe
rPois    .         Spirit   .   (no helmet)
rElec    .         Reflect  .   (no cloak)
rCorr    .         Harm     .   (no gloves)
MR       .....                  (no boots)
Stlth    ++........             (no amulet)
Regen    0.1/turn               (no ring)
MPRegen  0.2/turn               (no ring)

@: held
A: no striking features
a: no special abilities


You were on level 2 of the Dungeon.
You were hungry.

You visited 1 branch of the dungeon, and saw 2 of its levels.

You collected 91 gold pieces.

Inventory:

Armour
 a - a +0 robe (worn)
Scrolls
 h - 3 scrolls of immolation {unknown}
 i - 4 scrolls of teleportation {unknown}
 j - a scroll of random uselessness {unknown}
 m - a scroll of identify {unknown}
Potions
 c - a potion of invisibility {unknown}
 d - a potion of might {unknown}
 f - a potion of magic {unknown}
 l - a potion of brilliance {unknown}
Books
 b - a book of Flames

   Spells                             Type                      Level
   a - Flame Tongue                   Conjuration/Fire             1
   b - Throw Flame                    Conjuration/Fire             2
   c - Conjure Flame                  Conjuration/Fire             3
   d - Inner Flame                    Hexes/Fire                   3
   e - Sticky Flame                   Conjuration/Fire             4
   f - Fireball                       Conjuration/Fire             5
Comestibles
 e - 4 bread rations {@e1}
 g - 4 chunks of flesh
 k - a royal jelly


   Skills:
 - Level 2.4 Dodging
 - Level 2.4 Stealth
 + Level 3.6 Spellcasting
 * Level 2.7 Conjurations
 * Level 4.1 Fire Magic


You had 8 spell levels left.
You knew the following spells:

 Your Spells              Type           Power        Failure   Level  Hunger
a - Flame Tongue          Conj/Fire      ###..        3%          1    None


Dungeon Overview and Level Annotations

Branches:
Dungeon (2/15)

Altars:


Message History

Casting: Flame Tongue
Confirm with . or Enter, or press ? or * to list all spells.
You can't see any susceptible monsters within range! (Use Z to cast anyway.)
You see here a hobgoblin corpse.
You butcher the hobgoblin corpse.
g - 4 chunks of flesh (gained 1)
The gnoll is too close now for your liking.
MP restored: 10 You are feeling hungry.
A rat and a gnoll come into view.
The gnoll shouts!
The gnoll throws a throwing net.
The throwing net hits you.
You become entangled in the net!
You see here a throwing net {!d, =f}.
You struggle against the net.
The adder hisses angrily.
A gnoll comes into view. It is wielding a whip of pain.
Casting: Flame Tongue
Confirm with . or Enter, or press ? or * to list all spells.
Aiming: Flame Tongue
Press: ? - help, Shift-Dir - straight line, f - gnoll
Aim: a gnoll, wielding a whip The flame tongue hits the gnoll.
The gnoll is moderately wounded.
The gnoll shouts!
You now have 9/10 mp.
Casting: Flame Tongue
Confirm with . or Enter, or press ? or * to list all spells.
Aiming: Flame Tongue
Press: ? - help, Shift-Dir - straight line, f/p - gnoll
Aim: a gnoll, wielding a whip (moderately wounded)
The flame tongue hits the gnoll.
The gnoll is severely wounded.
A gnoll comes into view. It is wielding a club.
You now have 8/10 mp.
Casting: Flame Tongue
Confirm with . or Enter, or press ? or * to list all spells.
Aiming: Flame Tongue
Press: ? - help, Shift-Dir - straight line, f/p - gnoll
Aim: a gnoll, wielding a whip (severely wounded)
The flame tongue hits the gnoll.
You kill the gnoll!
Your Fire Magic skill increases to level 4!
The gnoll shouts!
You now have 7/10 mp.
Casting: Flame Tongue
Confirm with . or Enter, or press ? or * to list all spells.
Aiming: Flame Tongue
Press: ? - help, Shift-Dir - straight line, f - adder
Aim: an adder The flame tongue hits the adder.
The adder is heavily wounded.
The adder closely misses you.
You now have 6/10 mp.
Unknown command.
Casting: Flame Tongue
Confirm with . or Enter, or press ? or * to list all spells.
Aiming: Flame Tongue
Press: ? - help, Shift-Dir - straight line, f/p - adder
Aim: an adder (heavily wounded)
The flame tongue misses the adder.
The flame tongue hits the rat.
The rat is heavily wounded.
The adder barely misses you. The adder bites you but does no damage.
You now have 5/10 mp.
Casting: Flame Tongue
Confirm with . or Enter, or press ? or * to list all spells.
Aiming: Flame Tongue
Press: ? - help, Shift-Dir - straight line, f/p - adder
Aim: an adder (heavily wounded)
The flame tongue hits the adder.
The adder is almost dead.
The adder bites you.
You take 2 damage, and have 17/19 hp.
You now have 4/10 mp.
Unknown command.
Casting: Flame Tongue
Confirm with . or Enter, or press ? or * to list all spells.
Aiming: Flame Tongue
Press: ? - help, Shift-Dir - straight line, f/p - adder
Aim: an adder (almost dead)
The flame tongue hits the adder.
The adder appears unharmed.
The adder is almost dead.
The adder bites you but does no damage.
You now have 3/10 mp.
Unknown command.
Casting: Flame Tongue
Confirm with . or Enter, or press ? or * to list all spells.
Aiming: Flame Tongue
Press: ? - help, Shift-Dir - straight line, f/p - adder
Aim: an adder (almost dead)
The flame tongue hits the adder.
You kill the adder!
Unknown command.
You struggle against the net.
The gnoll hits you with a flail!
Ouch! That really hurt!
* * * LOW HITPOINT WARNING * * *
You take 16 damage, and have 1/19 hp.
MASSIVE DAMAGE!!
Unknown command.
You struggle against the net.
The gnoll hits you with a flail!
Ouch! That really hurt!
You die...

█.......█
█..████.█ ██..█
█ ██...████.█
█..........
██████.†.█.██.█
.?...$.....█.█.█
████████.......█


█@███████ █g█ grg ..... ....... ......... ∆.........∆ ██.........██ You could
see 3 gnolls and a rat.

Vanquished Creatures
  An adder (D:2)
  A gnoll (D:2)
  2 oozes
  A worm (D:2)
  A dart slug (D:1)
  A leopard gecko (D:1)
  2 giant cockroaches
  3 goblins (D:1)
  2 hobgoblins
  A quokka (D:2)
  2 bats (D:1)
  2 frilled lizards (D:1)
  2 kobolds
  8 rats
29 creatures vanquished.

Notes
Turn   | Place    | Note
-------+----------+-------------------------------------------
     0 | D:1      | Goblin1989 the Deep Elf Fire Elementalist began the quest for the Orb.
     0 | D:1      | Reached XP level 1. HP: 10/10 MP: 6/6
   464 | D:1      | Reached XP level 2. HP: 15/15 MP: 5/8
  1007 | D:2      | Reached XP level 3. HP: 14/19 MP: 5/10
  1475 | D:2      | Reached skill level 4 in Fire Magic
  1482 | D:2      | Mangled by a gnoll

Vault maps used:
D:1:      kennysheep_arrival_forest, minmay_unequal
D:2:      overflow_temple_1_default, first_bread, corexii_leaking_fountain,
          kennysheep_doodads

Skill      XL: |  1  2  3 |
---------------+----------+-----
Conjurations   | 2 |  2.7
Fire Magic     | 4 |  4.1
Dodging        | |  2.4
Stealth        | |  2.4
Spellcasting   | |  3.6

Action                   || total
-------------------------++-------
 Cast: Flame Tongue      ||    58
  Eat: Chunk             ||     1
Armor: Robe              ||     3
Dodge: Dodged            ||     8

Vault maps used:
D:1:      kennysheep_arrival_forest, minmay_unequal
D:2:      overflow_temple_1_default, first_bread, corexii_leaking_fountain,
          kennysheep_doodads
